 Dungeon Crawl Stone Soup version 0.32-a0-128-g77eb882913 (webtiles) character file.

Game seed: 11128902885297777943

59451 Ambrosia the Fighter (level 14, -11/141 HPs)
             Began as a Demigod Gladiator on Feb 7, 2024.
             Killed from afar by an ironbound thunderhulk (29 damage)
             ... with a bolt of lightning
             ... on level 13 of the Dungeon.
             The game lasted 00:36:47 (24279 turns).

Ambrosia the Fighter (Demigod Gladiator)           Turns: 24279, Time: 00:36:48

Health: -11/141    AC: 13    Str: 19    XL:     14   Next: 18%
Magic:  0/17       EV: 27    Int: 10    God:
Gold:   700        SH: 17    Dex: 33    Spells: 13/13 levels left

rFire   + . .        J - +8 mithril axe "Arga" {speed, Will+}
rCold   + + .        K - +0 tower shield
rNeg    . . .        A - +1 ring mail {rPois}
rPois   +            H - +1 hat
rElec   .            z - scarf {rC+ rF+}
rCorr   .            E - +0 pair of gloves
SInv    .            h - +0 pair of boots
Will    ++...        o - amulet of guardian spirit
Stlth   ++           G - +6 ring of dexterity
HPRegen 0.43/turn    r - +5 ring of evasion
MPRegen 0.15/turn

%: guardian spirit
@: about to teleport, hasted, very quick
A: high MP 1, forlorn, divine attributes, antennae 1, hooves 1, cold resistance
1, robust 1, wild magic 1
a: no special abilities


You were on level 13 of the Dungeon.
You visited 3 branches of the dungeon, and saw 19 of its levels.
You also visited: Bailey.

You collected 1078 gold pieces.
You spent 378 gold pieces at shops.

Inventory:

Hand Weapons
 u - a +9 heavy quarterstaff
   (You took it off Crazy Yiuf on level 5 of the Dungeon)
 J - the +8 mithril axe "Arga" (weapon) {speed, Will+}
   (You found it on level 5 of the Lair of Beasts)

   Will+:     It increases your willpower.
Missiles
 e - 3 javelins
 j - 6 throwing nets {=f, !d}
Armour
 h - a +0 pair of boots (worn)
   (You found it on level 5 of the Lair of Beasts)
 z - a scarf of resistance (worn)
   (You found it on level 9 of the Dungeon)
 A - a +1 ring mail of poison resistance (worn)
   (You bought it in a shop on level 10 of the Dungeon)
 E - a +0 pair of gloves (worn)
   (You found it on level 3 of the Lair of Beasts)
 H - a +1 hat (worn)
   (You found it on level 5 of the Lair of Beasts)
 K - a +0 tower shield (worn)
   (You found it on level 12 of the Dungeon)
Jewellery
 n - a +4 ring of slaying
   (You found it on level 3 of the Dungeon)
 o - an amulet of guardian spirit (around neck)
   (You found it on level 4 of the Dungeon)
 r - a +5 ring of evasion (right hand)
   (You found it on level 4 of the Dungeon)
 x - a +4 ring of slaying
   (You found it on level 12 of the Dungeon)
 D - a ring of flight {+Fly}
   (You found it on level 1 of the Lair of Beasts)
 G - a +6 ring of dexterity (left hand)
   (You found it on level 5 of the Lair of Beasts)
Wands
 c - a wand of mindburst (6)
   (You took it off a spriggan on level 5 of the Lair of Beasts)
 d - a wand of polymorph (1)
   (You found it on level 2 of the Lair of Beasts)
 B - a wand of charming (7)
   (You found it on level 3 of the Lair of Beasts)
 L - a wand of flame (15)
   (You took it off an orc wizard on level 11 of the Dungeon)
Scrolls
 f - 3 scrolls of fog
 k - 6 scrolls of teleportation {!r!d, @r3}
 q - 2 scrolls of revelation
 s - a scroll of silence
 t - 4 scrolls of blinking {!r!d}
 y - a scroll of enchant weapon
 M - a scroll of poison
Potions
 a - a potion of degeneration {unknown}
 b - a potion of berserk rage {!q}
 g - a potion of magic
 i - 2 potions of enlightenment
 l - 2 potions of cancellation
 m - 3 potions of lignification {!q}
 p - 4 potions of haste
 v - 2 potions of invisibility {unknown}
 w - 3 potions of brilliance
 C - a potion of ambrosia
 F - a potion of resistance
 N - a potion of curing {@q1, !d}


   Skills:
 + Level 13.0 Fighting
 * Level 1.7 Axes
 - Level 9.7 Staves
 - Level 1.7 Throwing
 + Level 12.6 Armour
 + Level 13.0 Dodging
 * Level 1.1 Shields


You had 13 spell levels left.
You didn't know any spells.
Your spell library contained the following spells:

 Spells                   Type           Power      Damage    Failure   Level
 Apportation              Tloc           0%         N/A       100%        1
 Slow                     Hex            0%         N/A       100%        1
 Call Imp                 Summ           0%         N/A       100%        2
 Jinxbite                 Hex            0%         N/A       100%        2
 Sublimation of Blood     Necr           0%         N/A       100%        2
 Confusing Touch          Hex            0%         N/A       100%        3
 Ozocubu's Armour         Ice            0%         N/A       100%        3
 Sigil of Binding         Hex            0%         N/A       100%        3
 Vampiric Draining        Necr           0%         2d6       100%        3
 Animate Armour           Summ/Erth      0%         N/A       100%        4
 Cause Fear               Hex            0%         N/A       100%        4
 Summon Lightning Spire   Summ/Air       0%         N/A       100%        4
 Alistair's Intoxication  Alch           0%         N/A       100%        5
 Fireball                 Conj/Fire      0%         3d3       100%        5
 Lee's Rapid Deconstruct  Erth           0%         3d4*      100%        5
 Metabolic Englaciation   Hex/Ice        0%         N/A       100%        5
 Sculpt Simulacrum        Ice/Alch       0%         N/A       100%        6
 Summon Hydra             Summ           0%         N/A       100%        7
 Dragon's Call            Summ           0%         N/A       100%        9


Dungeon Overview and Level Annotations

Branches:
Dungeon (13/15) Zot: 26663  Temple (1/1) D:6 Zot: 5998    Lair (5/5) D:8 Zot: 19687
 Shoals (0/4) Lair:2        Snake (0/4) Lair:2        Slime (0/5) Lair:4
    Orc (0/2) D:9          Bailey (visited)
 Vaults: D:13-14

Shops:
D:7 :   D:10 [

Annotations:
D:3 3 runed translucent doors, Gangsterbeez's ghost, amateur MiFi
D:4 1 runed translucent door, jfitz's ghost, amateur HOFi


Innate Abilities, Weirdness & Mutations

You have an increased reservoir of magic. (+10% MP)
You shall have no god before yourself.
Your divine heritage dramatically boosts your attributes as you level up.
You have a pair of small antennae on your head.
You have large cloven feet.
Your flesh is cold resistant. (rC+)
You are robust. (+10% HP)
Your spells are a little harder to cast, but a little more powerful.


Message History

Cleave: J) +8 mithril axe "Arga" {speed, Will+}
Press: ? - help, Dir - move target, f/p - vault guard
Aim: a vault guard, wielding a +0 dire flail and wearing a +3 plate armour (moderately wounded, about 25% to evade the +8 mithril axe "Arga")
You hit the vault guard but do no damage.
The vault guard completely misses you.
The vault guard hits you with a +0 dire flail!
You take 9 damage, and have 46/141 hp.
You now have 7/17 mp.
You can't wield that with only one hand.
Cleave: J) +8 mithril axe "Arga" {speed, Will+}
Press: ? - help, Dir - move target, f/p - vault guard
Aim: a vault guard, wielding a +0 dire flail and wearing a +3 plate armour (moderately wounded, about 25% to evade the +8 mithril axe "Arga")
Okay, then.
You feel much better. You block the vault guard's attack.
You regained 29 hp, and now have 75/141 hp.
You feel yourself speed up. You block the vault guard's attack.
Okay, then.
You hit the vault guard but do no damage.
Cleave: J) +8 mithril axe "Arga" {speed, Will+}
Press: ? - help, Dir - move target, f/p - vault guard
Aim: a vault guard, wielding a +0 dire flail and wearing a +3 plate armour (moderately wounded, about 25% to evade the +8 mithril axe "Arga")
You barely miss the vault guard. The vault guard barely misses you.
You block the vault guard's attack.
Cleave: J) +8 mithril axe "Arga" {speed, Will+}
Press: ? - help, Dir - move target, f/p - vault guard
Aim: a vault guard, wielding a +0 dire flail and wearing a +3 plate armour (lightly wounded, about 25% to evade the +8 mithril axe "Arga")
You slash the vault guard!
The vault guard hits you with a +0 dire flail.
You take 1 damage, and have 75/141 hp.
You now have 7/17 mp.
Cleave: J) +8 mithril axe "Arga" {speed, Will+}
Press: ? - help, Dir - move target, f/p - vault guard
Aim: a vault guard, wielding a +0 dire flail and wearing a +3 plate armour (moderately wounded, about 25% to evade the +8 mithril axe "Arga")
You hit the vault guard.
The vault guard hits you with a +0 dire flail!
You take 10 damage, and have 65/141 hp.
You now have 6/17 mp.
Cleave: J) +8 mithril axe "Arga" {speed, Will+}
Press: ? - help, Dir - move target, f/p - vault guard
Aim: a vault guard, wielding a +0 dire flail and wearing a +3 plate armour (moderately wounded, about 25% to evade the +8 mithril axe "Arga")
You slash the vault guard!
Your actions are hasted.
Your movement speed is very quick.
Your attack delay is about 0.8 (and is slowed by your shield).
Your damage rating with the +8 mithril axe "Arga" {speed, Will+} is about 27 (Base 13 x 122% (Str) x 125% (Skill) + 8 (Ench)).
Your base attributes are Str 19, Int 10, Dex 27.
Cleave: J) +8 mithril axe "Arga" {speed, Will+}
Press: ? - help, Dir - move target, f/p - vault guard
Aim: a vault guard, wielding a +0 dire flail and wearing a +3 plate armour (heavily wounded, about 25% to evade the +8 mithril axe "Arga")
You slash the vault guard! You block the vault guard's attack.
Cleave: J) +8 mithril axe "Arga" {speed, Will+}
Press: ? - help, Dir - move target, f/p - vault guard
Aim: a vault guard, wielding a +0 dire flail and wearing a +3 plate armour (severely wounded, about 25% to evade the +8 mithril axe "Arga")
You slash the vault guard! You block the vault guard's attack.
Cleave: J) +8 mithril axe "Arga" {speed, Will+}
Press: ? - help, Dir - move target, f/p - vault guard
Aim: a vault guard, wielding a +0 dire flail and wearing a +3 plate armour (severely wounded, about 25% to evade the +8 mithril axe "Arga")
You slash the vault guard! The vault guard barely misses you.
Cleave: J) +8 mithril axe "Arga" {speed, Will+}
Press: ? - help, Dir - move target, f/p - vault guard
Aim: a vault guard, wielding a +0 dire flail and wearing a +3 plate armour (almost dead, about 25% to evade the +8 mithril axe "Arga")
You hit the vault guard but do no damage.
The vault guard hits you with a +0 dire flail!
You take 15 damage, and have 52/141 hp.
You now have 5/17 mp.
Cleave: J) +8 mithril axe "Arga" {speed, Will+}
Press: ? - help, Dir - move target, f/p - vault guard
Aim: a vault guard, wielding a +0 dire flail and wearing a +3 plate armour (almost dead, about 25% to evade the +8 mithril axe "Arga")
You hit the vault guard.
The vault guard hits you with a +0 dire flail!
* * * LOW HITPOINT WARNING * * *
You take 13 damage, and have 39/141 hp.
You now have 4/17 mp.
Cleave: J) +8 mithril axe "Arga" {speed, Will+}
Press: ? - help, Dir - move target, f/p - vault guard
Aim: a vault guard, wielding a +0 dire flail and wearing a +3 plate armour (almost dead, about 25% to evade the +8 mithril axe "Arga")
You slash the vault guard!
You kill the vault guard!
Your Shields skill increases to level 1!
Cleave: J) +8 mithril axe "Arga" {speed, Will+}
Press: ? - help, Dir - move target, f - ironbound thunderhulk
Aim: an ironbound thunderhulk, wielding a +0 heavy great mace and wearing a +0 animal skin (about 21% to evade the +8 mithril axe "Arga")
You slash the ironbound thunderhulk! The ironbound thunderhulk misses you.
Cleave: J) +8 mithril axe "Arga" {speed, Will+}
Press: ? - help, Dir - move target, f/p - ironbound thunderhulk
Aim: an ironbound thunderhulk, wielding a +0 heavy great mace and wearing a +0 animal skin (lightly wounded, about 21% to evade the +8 mithril axe "Arga")
You hit the ironbound thunderhulk but do no damage.
Cleave: J) +8 mithril axe "Arga" {speed, Will+}
Press: ? - help, Dir - move target, f/p - ironbound thunderhulk
Aim: an ironbound thunderhulk, wielding a +0 heavy great mace and wearing a +0 animal skin (lightly wounded, about 21% to evade the +8 mithril axe "Arga")
You barely miss the ironbound thunderhulk.
The ironbound thunderhulk hits you with a +0 heavy great mace!!
* * * LOW HITPOINT WARNING * * *
You take 24 damage, and have 16/141 hp.
You now have 2/17 mp.
Really read
t - 5 scrolls of blinking {!r!d}?
Blink to where?
Press: ? - help, Dir - move target, p - ironbound thunderhulk
As you read the scroll of blinking {!r!d}, it crumbles to dust.
Unknown command.
Really read
k - 7 scrolls of teleportation {!r!d, @r3}?
As you read the scroll of teleportation {!r!d, @r3}, it crumbles to dust.
You feel strangely unstable.
Unknown command.
Electricity crackles from the ironbound thunderhulk's apparatus.
The bolt of lightning hits you!!
You die...

#).# ##.#.##
###..###.###.###
#.......## ##..#
#.######.###.##### #.#
##.#.##.... #.#
##.###.### #.# #.#
#.### #.# #.# #.##.
#####@########.###.##.
#.[.........##........
#.###....♣......##.###
###..♣..##.....###
##....###.......
###O## #.###### #p#
#.# #)####.# #p...#.#


You could see an ironbound thunderhulk and a vault guard.

Vanquished Creatures
  Kirke (Lair:4)
  An emperor scorpion (Lair:3)
  Harold (Lair:2)
  2 hydras (Lair:3 Lair:4)
  A shambling mangrove (Lair:4)
  Fannar (Lair:1)
  3 vault guards (Bailey D:13)
  Erica (D:8)
  The ghost of lucidstorm14 the Cleaver, a novice MiBe of Trog (Lair:1)
  4 death yaks (Lair:3 Lair:5)
  3 two-headed ogres (D:9 D:13)
  Amaemon (Lair:2)
  Pikel (D:6)
  An ugly thing (D:12)
  5 manticores (D:11 D:12 D:13)
  7 elephants (D:8 Lair:5)
  4 cyclopes (D:11)
  5 black mambas (Lair:1 Lair:2 Lair:3 Lair:4 Lair:5)
  3 merfolk sirens (Lair:2)
  12 cane toads (Lair:1 Lair:2 Lair:3 Lair:4 Lair:5)
  A gargoyle (D:10)
  12 komodo dragons (D:8 Lair:1 Lair:2 Lair:3 Lair:5)
  11 rime drakes (Lair:1 Lair:3 Lair:5)
  An orange demon (Lair:2)
  A kobold demonologist (D:10)
  A wandering mushroom (Lair:4)
  4 trolls (D:10 D:12)
  6 polar bears (Lair:5)
  A merfolk (Lair:2)
  Prince Ribbit (D:5)
  9 hornets (Lair:4 Lair:5)
  A glass eye (D:9)
  2 dream sheep (Lair:5)
  14 blink frogs (Bailey Lair:1 Lair:2 Lair:5)
  A slime creature (Lair:4)
  12 spriggans (Lair:5)
  Sigmund (D:6)
  7 wyverns (D:9 Lair:1 Lair:3 Lair:4 Lair:5)
  3 wraiths (D:9 D:12 D:13)
  2 shadows (D:10 D:12)
  7 humans (Bailey D:13)
  19 yaks (D:10 Lair:3 Lair:5)
  5 basilisks (Lair:3 Lair:4 Lair:5)
  5 hogs (Lair:3)
  A steam dragon (Lair:5)
  A vampire mosquito (D:13)
  3 nagas (Lair:2)
  An acid dragon (D:8)
  13 water moccasins (D:4 D:6 D:9 Lair:1 Lair:3)
  2 orc warriors (D:6 D:7)
  An ice beast (D:6)
  A sky beast (D:7)
  5 black bears (D:5 Lair:3 Lair:5)
  3 boggarts (Lair:5)
  An ogre (D:6)
  43 wolves (Lair:1 Lair:2 Lair:5)
  A centaur (D:9)
  A lemure (D:6)
  2 phantoms (D:4)
  5 kobold brigands (D:5 D:6 D:8)
  22 bullfrogs (D:8 D:7 Bailey Lair:2 Lair:3)
  2 gnoll sergeants (D:9 D:10)
  3 scorpions (D:7)
  2 cane toad simulacra (Lair:1)
  A ballistomycete (Lair:4)
  7 killer bees (D:6 D:8 D:10)
  9 howler monkeys (D:4 D:9 D:7 D:10 D:11)
  4 bombardier beetles (D:3 D:4 D:6)
  A hound (D:6)
  11 jellies (D:3 D:4 D:6 Lair:4)
  A komodo dragon simulacrum (Lair:1)
  A gnoll bouda (D:7)
  5 orc priests (D:6 D:7 D:11)
  Crazy Yiuf (D:5)
  Jessica (D:2)
  13 orc wizards (D:5 D:6 D:7 D:9 D:8)
  4 hell rats (Lair:1)
  A wolf simulacrum (Lair:1)
  2 yak simulacra (Lair:1)
  2 bullfrog simulacra (Lair:1)
  26 gnolls (D:4 D:6 D:7 D:9 D:10)
  5 adders (D:2 D:3 D:4)
  A shadow imp (D:8)
  A white imp (D:6)
  2 ufetubi (D:6)
  A dart slug (D:5)
  A ribbon worm (D:4)
  40 orcs (D:4 D:5 D:6 D:7 D:9)
  9 bats (D:1 D:2 D:3 Lair:5)
  22 endoplasms (D:1 D:2 D:3 D:4 Lair:4)
  4 giant cockroaches (D:1 D:3 D:4)
  16 goblins (D:1 D:2 D:3 D:4 D:10)
  15 hobgoblins (D:1 D:2 D:3 D:4 Bailey)
  2 quokkas (D:1 D:2)
  6 ball pythons (D:2 D:3 D:4)
  A frilled lizard (D:3)
  46 kobolds (D:1 D:2 D:3 D:4 D:5)
  7 rats (D:1 D:2 D:3)
567 creatures vanquished.

Vanquished Creatures (collateral kills)
  A basilisk (Lair:1)
  A goblin (Bailey)
2 creatures vanquished.

Vanquished Creatures (others)
  A human (Lair:4)
  A cane toad zombie (Lair:1)
  A wolf zombie (Lair:5)
  A human zombie (Bailey)
  A howler monkey zombie (D:10)
  A hobgoblin zombie (Bailey)
  8 ballistomycete spores (Lair:4)
14 creatures vanquished.

Grand Total: 583 creatures vanquished

Notes
Turn   | Place    | Note
-------+----------+-------------------------------------------
     0 | D:1      | Ambrosia the Demigod Gladiator began the quest for the Orb.
     0 | D:1      | Reached XP level 1. HP: 17/17 MP: 3/3
   108 | D:1      | Reached skill level 2 in Fighting
   405 | D:1      | Reached XP level 2. HP: 20/24 MP: 4/4
   506 | D:1      | Reached skill level 3 in Dodging
   766 | D:1      | Reached skill level 1 in Armour
   970 | D:2      | Noticed Jessica
   974 | D:2      | Killed Jessica
   975 | D:2      | Reached skill level 3 in Staves
   975 | D:2      | Reached XP level 3. HP: 26/30 MP: 5/5
  1406 | D:2      | HP: 14/30 [hobgoblin (2)]
  1415 | D:2      | Reached XP level 4. HP: 19/37 MP: 6/6
  1876 | D:3      | Found a runed translucent gate.
  1876 | D:3      | Found a runed translucent gate.
  1876 | D:3      | Found a runed translucent gate.
  1877 | D:3      | Noticed Gangsterbeez's ghost (amateur MiFi)
  1897 | D:3      | Reached skill level 2 in Armour
  2035 | D:3      | Reached skill level 3 in Fighting
  2104 | D:3      | Reached XP level 5. HP: 44/45 MP: 7/7
  2859 | D:4      | Reached skill level 4 in Dodging
  2895 | D:4      | Reached XP level 6. HP: 30/51 MP: 8/8
  3071 | D:4      | Found a runed translucent door.
  3071 | D:4      | Noticed jfitz's ghost (amateur HOFi)
  3166 | D:4      | Noticed a water moccasin
  3178 | D:4      | Killed a water moccasin
  3179 | D:4      | Reached skill level 3 in Armour
  3463 | D:4      | Reached skill level 4 in Fighting
  3819 | D:4      | Reached XP level 7. HP: 58/59 MP: 9/9
  3994 | D:5      | Entered Level 5 of the Dungeon
  3997 | D:5      | Identified a scroll of acquirement
  3997 | D:5      | Acquired the +0 crystal plate armour of Ukiehem {*Corrode
                  | rPois rN+ Regen+}
  4280 | D:5      | Found a runed translucent door.
  4281 | D:5      | Noticed Crazy Yiuf
  4590 | D:5      | Noticed Prince Ribbit
  4629 | D:5      | Reached skill level 4 in Staves
  4629 | D:5      | Reached skill level 4 in Armour
  4629 | D:5      | Reached skill level 5 in Dodging
  4636 | D:5      | HP: 22/60 [Prince Ribbit (12)]
  4643 | D:5      | HP: 13/60 [kobold/+0 dagger (2)]
  4650 | D:5      | HP: 13/60 [kobold/+0 club (1)]
  4659 | D:5      | Killed Prince Ribbit
  4871 | D:5      | Killed Crazy Yiuf
  5245 | D:6      | Reached skill level 5 in Fighting
  5425 | D:6      | Noticed Sigmund
  5436 | D:6      | Killed Sigmund
  5437 | D:6      | Reached XP level 8. HP: 64/68 MP: 7/10
  5475 | D:6      | Found a staircase to the Ecumenical Temple.
  5498 | Temple   | Entered the Ecumenical Temple
  5619 | D:6      | Reached skill level 5 in Armour
  5741 | D:6      | Noticed Pikel
  5751 | D:6      | Killed Pikel
  5752 | D:6      | Reached skill level 6 in Fighting
  5752 | D:6      | Reached skill level 6 in Dodging
  5771 | D:6      | HP: 34/70 [gnoll/+0 club (7)]
  5776 | D:6      | HP: 23/70 [orc warrior/+0 glaive (6)]
  5782 | D:6      | HP: 9/70 [orc warrior/+0 glaive (8)]
  5788 | D:6      | HP: 23/70 [orc warrior/+0 glaive (8)]
  6268 | D:6      | Reached skill level 5 in Staves
  6294 | D:6      | HP: 34/69 [kobold brigand/+0 short sword (2)]
  6299 | D:6      | Reached XP level 9. HP: 34/76 MP: 6/11
  6604 | D:7      | Reached skill level 6 in Armour
  6608 | D:7      | HP: 38/78 [orc priest/divine providence (10)]
  6614 | D:7      | HP: 30/78 [orc priest/divine providence (15)]
  6619 | D:7      | HP: 15/78 [poisoned by an orc priest]
  6624 | D:7      | HP: 10/78 [poisoned by an orc priest]
  6985 | D:7      | You fall into a shaft and drop 2 floors!
  6989 | D:9      | Noticed a two-headed ogre
  7010 | D:9      | HP: 24/78 [two-headed ogre/+0 giant club (21)]
  7012 | D:9      | Killed a two-headed ogre
  7013 | D:9      | Reached skill level 7 in Fighting
  7013 | D:9      | Reached skill level 7 in Dodging
  7280 | D:9      | Found a staircase to the Orcish Mines.
  7280 | D:9      | Noticed a two-headed ogre
  7282 | D:9      | HP: 33/79 [two-headed ogre/+0 giant club (26)]
  7297 | D:9      | HP: 24/79 [two-headed ogre/+0 giant club (14)]
  7298 | D:9      | Killed a two-headed ogre
  7299 | D:9      | Reached skill level 7 in Armour
  7757 | D:9      | Reached XP level 10. HP: 78/86 MP: 13/13
  7816 | D:9      | Noticed a two-headed ogre
  7820 | D:9      | a two-headed ogre changed into a glass eye
  8097 | D:8      | Reached skill level 6 in Staves
  8097 | D:8      | Reached skill level 8 in Dodging
  8117 | D:8      | Noticed an elephant
  8150 | D:8      | Killed an elephant
  8151 | D:8      | Reached skill level 8 in Fighting
  8282 | D:8      | Found a staircase to the Lair.
  8282 | D:8      | Noticed an elephant
  8872 | D:8      | Noticed Erica
  8878 | D:8      | HP: 42/88 [Erica/+3 scimitar of flaming (3)]
  8883 | D:8      | HP: 34/88 [constriction (1)]
  8884 | D:8      | Killed Erica
  9116 | D:8      | Reached skill level 8 in Armour
  9388 | D:7      | Found Ypayfrou's Book Emporium.
  9897 | D:10     | Entered Level 10 of the Dungeon
  9931 | D:10     | Found Ynavepp's Antique Armour Shop.
 10091 | D:10     | Found a flagged portal.
 10126 | Bailey   | Entered a bailey
 10305 | Bailey   | Reached skill level 9 in Dodging
 10395 | Bailey   | Noticed a vault guard
 10401 | Bailey   | HP: 45/90 [vault guard/+0 broad axe (16)]
 10402 | Bailey   | HP: 20/90 [vault guard/+0 broad axe (15)]
 10429 | Bailey   | Reached XP level 11. HP: 23/95 MP: 4/14
 10436 | Bailey   | HP: 62/142 [vault guard/+0 broad axe (3)]
 10438 | Bailey   | Killed a vault guard
 10439 | Bailey   | Reached skill level 9 in Fighting
 10760 | Bailey   | Noticed a vault guard
 10770 | Bailey   | Killed a vault guard
 10991 | D:10     | Reached skill level 7 in Staves
 11285 | D:10     | Reached skill level 9 in Armour
 11449 | D:10     | Bought a runed ring mail for 189 gold pieces
 11449 | D:10     | Bought a pitted leather armour for 189 gold pieces
 11449 | D:10     | Identified the +0 leather armour of the Eternal Void {rElec
                  | Str-4 Dex+5} (You bought it in a shop on level 10 of the
                  | Dungeon)
 12068 | Lair:1   | Entered Level 1 of the Lair of Beasts
 12148 | Lair:1   | Noticed Fannar
 12170 | Lair:1   | HP: 41/98 [Fannar/bolt of cold (9)]
 12173 | Lair:1   | Killed Fannar
 12174 | Lair:1   | Reached skill level 10 in Dodging
 12517 | Lair:1   | Reached skill level 10 in Fighting
 12578 | Lair:1   | Identified the +4 war axe of Indignation {vamp, Str+3}
 12645 | Lair:1   | Noticed lucidstorm14's ghost (novice MiBe)
 12753 | Lair:1   | Found a runed translucent gate.
 12753 | Lair:1   | Found a runed translucent gate.
 12753 | Lair:1   | Found a runed translucent gate.
 12987 | Lair:1   | HP: 45/100 [blink frog (9)]
 12992 | Lair:1   | HP: 40/100 [blink frog (7)]
 13013 | Lair:1   | HP: 44/100 [blink frog (11)]
 13195 | Lair:1   | Reached XP level 12. HP: 102/107 MP: 13/15
 13236 | Lair:1   | Reached skill level 10 in Armour
 13921 | Lair:1   | Killed lucidstorm14's ghost
 13922 | Lair:1   | Reached skill level 8 in Staves
 14016 | Lair:1   | Got the ring "Qacister" {Fire Fly rElec Str+2}
 14659 | Lair:2   | Found a staircase to the Shoals.
 14724 | Lair:2   | Reached skill level 11 in Fighting
 14724 | Lair:2   | Reached skill level 11 in Dodging
 14848 | Lair:2   | Noticed Harold
 14856 | Lair:2   | Killed Harold
 14952 | Lair:2   | Found a staircase to the Snake Pit.
 15084 | Lair:2   | Noticed Amaemon
 15099 | Lair:2   | Killed Amaemon
 15879 | Lair:3   | Reached skill level 11 in Armour
 16679 | Lair:3   | HP: 47/110 [death yak (26)]
 16695 | Lair:3   | HP: 40/110 [death yak (13)]
 16704 | Lair:3   | a death yak changed into an emperor scorpion
 16704 | Lair:3   | Noticed an emperor scorpion
 16708 | Lair:3   | Killed an emperor scorpion
 16711 | Lair:3   | HP: 55/165 [death yak (32)]
 17276 | Lair:4   | Noticed a seven-headed hydra
 17277 | Lair:4   | Noticed Kirke
 17289 | Lair:3   | Reached XP level 13. HP: 114/116 MP: 14/16
 17301 | Lair:4   | Noticed a sphinx
 17304 | Lair:3   | HP: 57/117 [seven-headed hydra (2)]
 17309 | Lair:3   | HP: 46/117 [hog[Kirke] (2)]
 17332 | Lair:3   | Gained mutation: Your flesh is cold resistant. (rC+)
                  | [potion of mutation]
 17332 | Lair:3   | Lost mutation: Your flesh is cold resistant. (rC+) [potion
                  | of mutation]
 17483 | Lair:3   | Gained mutation: Your spells are a little harder to cast,
                  | but a little more powerful. [potion of mutation]
 17483 | Lair:3   | Gained mutation: You are covered in fur. (AC +1) [potion of
                  | mutation]
 17483 | Lair:3   | Gained mutation: Your body sometimes deteriorates upon
                  | taking damage. [potion of mutation]
 17483 | Lair:3   | Gained mutation: You have a pair of small antennae on your
                  | head. [potion of mutation]
 17484 | Lair:3   | Lost mutation: You are covered in fur. (AC +1) [potion of
                  | mutation]
 17484 | Lair:3   | Lost mutation: Your body sometimes deteriorates upon taking
                  | damage. [potion of mutation]
 17484 | Lair:3   | Gained mutation: You are robust. (+10% HP) [potion of
                  | mutation]
 17484 | Lair:3   | Gained mutation: Your flesh is cold resistant. (rC+)
                  | [potion of mutation]
 17484 | Lair:3   | Gained mutation: You have large cloven feet. [potion of
                  | mutation]
 17518 | Lair:4   | Killed Kirke
 17997 | Lair:4   | Reached skill level 9 in Staves
 18343 | Lair:4   | Found a staircase to the Slime Pits.
 18446 | Lair:4   | HP: 58/128 [shambling mangrove (28)]
 18449 | Lair:4   | HP: 21/128 [constriction (10)]
 18451 | Lair:4   | Reached skill level 12 in Fighting
 18451 | Lair:4   | Reached skill level 12 in Dodging
 18454 | Lair:4   | HP: 64/129 [hornet[a shambling mangrove] (8)]
 18459 | Lair:4   | HP: 60/129 [poisoned by a hornet]
 19309 | Lair:5   | Entered Level 5 of the Lair of Beasts
 20006 | Lair:5   | Reached skill level 12 in Armour
 20092 | Lair:5   | HP: 65/130 [spriggan rider/+0 spear (15)]
 20098 | Lair:5   | HP: 19/130 [spriggan rider/+0 spear (19)]
 20114 | Lair:5   | HP: 19/130 [wolf (6)]
 20121 | Lair:5   | HP: 20/130 [wolf (2)]
 20960 | Lair:5   | HP: 63/130 [spriggan rider/+0 spear (16)]
 20968 | Lair:5   | HP: 64/130 [spriggan/+0 spear (2)]
 21225 | Lair:5   | Found the +8 mithril axe "Arga" {speed, Will+}
 21247 | Lair:5   | Paralysed by a hornet for 2 turns
 21248 | Lair:5   | HP: 55/130 [death yak (14)]
 21249 | Lair:5   | HP: 10/130 [spriggan rider/+0 spear (18)]
 21334 | Lair:5   | HP: 43/130 [hornet (2)]
 21763 | Lair:5   | HP: 65/130 [wolf (3)]
 21768 | Lair:5   | HP: 55/130 [spriggan/+0 rapier (1)]
 21775 | Lair:5   | HP: 52/130 [wolf (4)]
 21781 | Lair:5   | HP: 19/130 [spriggan/+0 rapier (20)]
 22543 | D:11     | Reached XP level 14. HP: 139/139 MP: 17/17
 23241 | D:12     | Reached skill level 13 in Fighting
 23704 | D:12     | Reached skill level 1 in Axes
 24028 | D:13     | Reached skill level 13 in Dodging
 24250 | D:13     | HP: 62/141 [vault guard/+0 dire flail (13)]
 24255 | D:13     | HP: 55/141 [vault guard/+0 dire flail (10)]
 24262 | D:13     | HP: 65/141 [vault guard/+0 dire flail (10)]
 24267 | D:13     | HP: 52/141 [vault guard/+0 dire flail (15)]
 24270 | D:13     | Reached skill level 1 in Shields
 24272 | D:13     | HP: 16/141 [ironbound thunderhulk/+0 heavy great mace (24)]
 24279 | D:13     | Killed from afar by an ironbound thunderhulk

Illustrated notes

Levels and vault maps discovered:
D:1:      dpeg_arrival_morbid_curiosity, layout_loops_ring,
          roderic_roman_lattice
D:2:      minmay_diamond_boxcup, layout_basic, ebering_ecumenical_altar_ruins,
          kennysheep_generic_room_8, uniq_jessica
D:3:      layout_basic, ebering_ghost_gozag, hex_large
D:4:      layout_basic, pdpol_wu_jian_five_deadly_venoms,
          grunt_temple_overflow_open, nicolae_overflow_hidden_temple,
          gammafunk_ghost_grave, minmay_increasing_density
D:5:      kennysheep_kobold_camp, layout_rooms, uniq_prince_ribbit1,
          uniq_crazy_yiuf_cottage
D:6:      layout_loops_corners, nicolae_ashenzari_skybound,
          minmay_temple_entry_large_hall, uniq_pikel, uniq_sigmund
D:7:      layout_rooms, minitemple, serial_shops, nicolae_shop_hallway_plus,
          serial_corexii_hall, chequers_hall_statues_y,
          chequers_hall_statues_corner_a, roderic_serpentine_path
D:8:      layout_gridville, mainiacjoe_overflow_concentric_impassable,
          grunt_lair_entry_orc_guard_hut, serial_glass, glass_columns_a,
          glass_columns_b, uniq_erica
D:9:      layout_basic, old_standard_altar, gammafunk_temple_overflow_pools,
          orc_0_dummy, grunt_ministairs_9
D:10:     layout_gridville, lightli_bailey_entry_fortress, serial_shops, shop
D:11:     layout_basic
D:12:     layout_irregular_city
D:13:     layout_loops_ring, hellmonk_vaults_keyhole,
          chequers_serial_rivers_room_a, chequers_mini_garden, grunt_livestock
Temple:   hellmonk_temple_beads
Lair:1:   layout_chaotic_city, gammafunk_ghost_icy, uniq_fannar
Lair:2:   layout_gridlike, elwin_shoals_entry_rooms,
          guppyfry_snake_entry_garden, chequers_serial_rivers_micro_e,
          uniq_harold, uniq_amaemon
Lair:3:   layout_gridlike, basic_altar, grunt_megastairs_5
Lair:4:   lemuel_slime, layout_long_grid, minmay_slime_entry_oklob_enclosed,
          serial_rivers, chequers_serial_rivers_micro_d,
          chequers_serial_rivers_large_a, chequers_serial_rivers_micro_c,
          chequers_serial_rivers_small_a, uniq_kirke
Lair:5:   minmay_lair_end_enchanted_forest, layout_cellular_growth,
          minmay_lair_drake_nest

Skill      XL: |  1  2  3  4  5  6  7  8  9 10 11 12 13 14 |
---------------+-------------------------------------------+-----
Fighting       | 2 3 4 5 6 7 8 10 11 12 13 | 13.0
Dodging        | 3 4 5 6 7 9 10 11 12 13 | 13.0
Armour         | 1 2 3 4 5 7 8 9 11 12 | 12.6
Staves         | 3 4 5 6 7 8 9 |  9.7
Axes           | 1 |  1.7
Shields        | 1 |  1.1
Throwing       | |  1.7

Action                     |  1- 3 |  4- 6 |  7- 9 | 10-12 | 13-15 || total
---------------------------+-------+-------+-------+-------+-------++-------
  Melee: Quarterstaff      |    97 |   144 |   291 |   825 |   516 ||  1873
         Kick              |       |       |       |       |   224 ||   224
         Broad axe         |       |       |       |       |    82 ||    82
         Punch             |       |       |       |       |     7 ||     7
  Throw: Throwing net      |     1 |     3 |     1 |       |       ||     5
  Evoke: Wand              |       |       |    10 |     3 |    10 ||    23
    Use: Scroll            |     6 |     6 |     8 |    14 |    16 ||    50
         Potion            |       |     1 |     5 |     7 |    10 ||    23
   Stab: Sleeping          |     4 |     1 |     1 |     1 |     3 ||    10
         Distracted        |       |     1 |       |       |     1 ||     2
         Petrifying        |       |       |     1 |       |       ||     1
         Confused          |       |       |       |     7 |     2 ||     9
         Paralysed         |       |       |       |     6 |     1 ||     7
 Armour: Leather armour    |    74 |    68 |   113 |       |       ||   255
         Crystal plate arm |       |       |    58 |       |       ||    58
         Scale mail        |       |       |    23 |   195 |       ||   218
         Skin              |       |       |     5 |    17 |       ||    22
         Ring mail         |       |       |       |   219 |   322 ||   541
  Dodge: Dodged            |    98 |   106 |   357 |   980 |   954 ||  2495
  Block: Tower shield      |       |       |       |       |    39 ||    39

Table legend: (Time is in decaauts)
 A = Elapsed time spent in this place.
 B = Non-inter-level travel time spent in this place.
 C = Inter-level travel time spent in this place.
 D = Time resting spent in this place.
 E = Time spent auto-exploring this place.
 F = Levels seen in this place.
 G = Mean time per level.
                   A        B        C        D        E       F      G
               +--------+--------+--------+--------+--------+-----+--------+
         Total |  24263 |  23445 |    818 |   4674 |  14627 |  20 | 1213.2 |
       Dungeon |  13242 |  12654 |    588 |   1433 |   8870 |  13 | 1018.6 |
        Temple |      1 |      1 |      0 |      0 |      0 |   1 |    1.0 |
          Lair |  10312 |  10082 |    230 |   2897 |   5561 |   5 | 2062.4 |
        Bailey |    706 |    706 |      0 |    343 |    195 |   1 |  706.0 |
               +--------+--------+--------+--------+--------+-----+--------+

Top non-repeatable levels by time:
  Lair:5: 3012 daAuts
  Lair:1: 1983 daAuts
  Lair:3: 1967 daAuts
  Lair:4: 1839 daAuts
  Lair:2: 1509 daAuts
     D:6: 1506 daAuts
     D:8: 1329 daAuts
     D:4: 1307 daAuts
    D:10: 1248 daAuts
     D:9: 1140 daAuts
     D:7: 1033 daAuts
     D:5: 1028 daAuts
     D:1: 978 daAuts
     D:2: 915 daAuts
     D:3: 821 daAuts

Levels and vault maps discovered:
D:1:      dpeg_arrival_morbid_curiosity, layout_loops_ring,
          roderic_roman_lattice
D:2:      minmay_diamond_boxcup, layout_basic, ebering_ecumenical_altar_ruins,
          kennysheep_generic_room_8, uniq_jessica
D:3:      layout_basic, ebering_ghost_gozag, hex_large
D:4:      layout_basic, pdpol_wu_jian_five_deadly_venoms,
          grunt_temple_overflow_open, nicolae_overflow_hidden_temple,
          gammafunk_ghost_grave, minmay_increasing_density
D:5:      kennysheep_kobold_camp, layout_rooms, uniq_prince_ribbit1,
          uniq_crazy_yiuf_cottage
D:6:      layout_loops_corners, nicolae_ashenzari_skybound,
          minmay_temple_entry_large_hall, uniq_pikel, uniq_sigmund
D:7:      layout_rooms, minitemple, serial_shops, nicolae_shop_hallway_plus,
          serial_corexii_hall, chequers_hall_statues_y,
          chequers_hall_statues_corner_a, roderic_serpentine_path
D:8:      layout_gridville, mainiacjoe_overflow_concentric_impassable,
          grunt_lair_entry_orc_guard_hut, serial_glass, glass_columns_a,
          glass_columns_b, uniq_erica
D:9:      layout_basic, old_standard_altar, gammafunk_temple_overflow_pools,
          orc_0_dummy, grunt_ministairs_9
D:10:     layout_gridville, lightli_bailey_entry_fortress, serial_shops, shop
D:11:     layout_basic
D:12:     layout_irregular_city
D:13:     layout_loops_ring, hellmonk_vaults_keyhole,
          chequers_serial_rivers_room_a, chequers_mini_garden, grunt_livestock
Temple:   hellmonk_temple_beads
Lair:1:   layout_chaotic_city, gammafunk_ghost_icy, uniq_fannar
Lair:2:   layout_gridlike, elwin_shoals_entry_rooms,
          guppyfry_snake_entry_garden, chequers_serial_rivers_micro_e,
          uniq_harold, uniq_amaemon
Lair:3:   layout_gridlike, basic_altar, grunt_megastairs_5
Lair:4:   lemuel_slime, layout_long_grid, minmay_slime_entry_oklob_enclosed,
          serial_rivers, chequers_serial_rivers_micro_d,
          chequers_serial_rivers_large_a, chequers_serial_rivers_micro_c,
          chequers_serial_rivers_small_a, uniq_kirke
Lair:5:   minmay_lair_end_enchanted_forest, layout_cellular_growth,
          minmay_lair_drake_nest

Table legend: (Time is in decaauts)
 A = Elapsed time spent in this place.
 B = Non-inter-level travel time spent in this place.
 C = Inter-level travel time spent in this place.
 D = Time resting spent in this place.
 E = Time spent auto-exploring this place.
 F = Levels seen in this place.
 G = Mean time per level.
                   A        B        C        D        E       F      G
               +--------+--------+--------+--------+--------+-----+--------+
         Total |  24263 |  23445 |    818 |   4674 |  14627 |  20 | 1213.2 |
       Dungeon |  13242 |  12654 |    588 |   1433 |   8870 |  13 | 1018.6 |
        Temple |      1 |      1 |      0 |      0 |      0 |   1 |    1.0 |
          Lair |  10312 |  10082 |    230 |   2897 |   5561 |   5 | 2062.4 |
        Bailey |    706 |    706 |      0 |    343 |    195 |   1 |  706.0 |
               +--------+--------+--------+--------+--------+-----+--------+

Top non-repeatable levels by time:
  Lair:5: 3012 daAuts
  Lair:1: 1983 daAuts
  Lair:3: 1967 daAuts
  Lair:4: 1839 daAuts
  Lair:2: 1509 daAuts
     D:6: 1506 daAuts
     D:8: 1329 daAuts
     D:4: 1307 daAuts
    D:10: 1248 daAuts
     D:9: 1140 daAuts
     D:7: 1033 daAuts
     D:5: 1028 daAuts
     D:1: 978 daAuts
     D:2: 915 daAuts
     D:3: 821 daAuts

Table legend:
 A = Kills in this place as a percentage of kills in the entire game.
 B = Kills by you in this place as a percentage of kills by you in the entire game.
 C = Kills by friends in this place as a percentage of kills by friends in the entire game.
 D = Other kills in this place as a percentage of other kills in the entire game.
 E = Experience gained in this place as a percentage of experience gained in the entire game.
 F = Experience gained in this place divided by the number of levels of this place that you have seen.
                   A       B       C       D       E      F
               +-------+-------+-------+-------+-------+----------------------
         Total | 100.0 | 100.0 | 100.0 | 100.0 | 100.0 | 4246.5
       Dungeon |  52.9 |  53.3 |   0.0 |  25.0 |  27.2 | 1776.7
          Lair |  42.1 |  41.9 |  50.0 |  75.0 |  67.9 | 11528.6
        Bailey |   5.0 |   4.8 |  50.0 |   0.0 |   4.9 | 4190.0
               +-------+-------+-------+-------+-------+----------------------
